 Dungeon Sprint DCSS version 0.21.1-1-g345015f (webtiles) character file.

223 Fang the Fighter (level 6, -1/66 HPs)
             Began as a Gargoyle Berserker on June 11, 2018.
             Was an Elder of Trog.
             Slain by a gnoll sergeant
             ... wielding a +2 spear of venom
              (6 damage)
             ... in the Dungeon (Sprint VII: "The Pits").
             The game lasted 00:01:19 (395 turns).

Fang the Fighter (Gargoyle Berserker)                Turns: 395, Time: 00:01:20

Health: -1/66      AC:  6    Str: 28    XL:     6   Next: 0%
Magic:  6/6        EV: 13    Int:  7    God:    Trog [****..]
Gold:   0          SH:  0    Dex:  9    Spells: 5/5 levels left

rFire    . . .     SeeInvis .   n - +0 hand axe (freeze)
rCold    . . .     Gourm    .   (no shield)
rNeg     + . .     Faith    .   b - +0 animal skin
rPois    ∞         Spirit   .   (no helmet)
rElec    +         Reflect  .   (no cloak)
rCorr    .         Harm     .   (no gloves)
MR       .....     NoTele   +   (no boots)
Stlth    ..........             (no amulet)
HPRegen  0.21/turn              (no ring)
MPRegen  0.10/turn              (no ring)

@: berserking, very quick
A: negative energy resistance 1, electricity resistance, unbreathing,
petrification resistance, rot immunity, AC +4
a: Berserk, Trog's Hand, Brothers in Arms, Burn Spellbooks, Renounce Religion


You were in the Dungeon.
You worshipped Trog.
Trog was greatly pleased with you.
You were not hungry.

You visited 1 branch

Inventory:

Hand Weapons
 j - a +2 hand axe
 n - a +0 hand axe of freezing (weapon)
Armour
 b - a +0 animal skin (worn)
Scrolls
 i - a scroll of blinking
 l - 3 scrolls of remove curse
 m - a scroll of summoning
Potions
 d - 6 potions of curing
 e - 6 potions of heal wounds
 f - a potion of haste
 g - 4 potions of magic
 h - 3 potions of berserk rage
 k - 2 potions of invisibility
Comestibles
 c - 9 rations


   Skills:
 + Level 8.0 Fighting
 + Level 7.7 Axes
 + Level 3.4 Armour
 + Level 4.1 Dodging
 + Level 2.1 Stealth


You had 5 spell levels left.
You didn't know any spells.

Dungeon Overview and Level Annotations

Branches:
Dungeon (1/1)

Altars:
Ashenzari
Cheibriados
Dithmenos
Elyvilon
Fedhas
Gozag
Hepliaklqana
Kikubaaqudgha
Makhleb
Nemelex Xobeh
Okawaru
Qazlal
Ru
Sif Muna
Trog
Uskayaw
Vehumet
Wu Jian
Xom
Yredelemnul
Zin
The Shining One
Beogh
Jiyva
Lugonu


Innate Abilities, Weirdness & Mutations

You are resistant to torment.
Your stone body is resilient. (AC +4)
You are immune to poison.
You resist negative energy. (rN+)
You are resistant to electric shocks. (rElec)
You can survive without breathing.
You are immune to petrification.
You are immune to rotting.


Message History

Trog accepts your kill.
Your Fighting skill increases to level 8!
You have reached level 6!
Your experience leads to an increase in your attributes!
Your base attributes are Str 22, Int 7, Dex 9.
Increase (S)trength, (I)ntelligence, or (D)exterity?
You feel stronger. The orc warrior misses you.
The gnoll sergeant closely misses you.
Things that are here:
a flail; a whip You barely miss the orc warrior.
The orc warrior closely misses you.
You closely miss the orc warrior. The gnoll sergeant misses you.
You slash the orc warrior! You freeze the orc warrior.
The orc warrior is heavily wounded.
The orc warrior hits you with a short sword.
* * * LOW HITPOINT WARNING * * *
You slash the orc warrior! You freeze the orc warrior.
The orc warrior is almost dead.
The gnoll sergeant hits you from afar with a spear of venom.
You die...

#..........÷'.....
#'#####)#####.....
#.#...#.#..##.....
#.#...#÷#))#####'#
#.#...'.#))##.....
#.##'####))##.....
#.#..†..#[[##.....
#.#.....#'###...<.
#@#........##.....
#o#........##.....
#g###########.....
#Sg.g...# ######
#.###...# #.# .#
#.# #.. #..


You could see an orc warrior, a gnoll sergeant, a gnoll and an adder.

Vanquished Creatures
  A sky beast (D)
  A necrophage (D)
  2 gnolls (D)
  A river rat (D)
  2 oozes (D)
  An orc (D)
  A bat (D)
  3 jackals (D)
  A frilled lizard (D)
  A kobold (D)
14 creatures vanquished.

Notes
Turn   | Place    | Note
-------+----------+-------------------------------------------
     0 | D        | Fang the Gargoyle Berserker began the quest for the Orb.
     0 | D        | Reached XP level 1. HP: 14/14 MP: 1/1
    50 | D        | Found a bloodstained altar of Trog.
    50 | D        | Found a deep blue altar of Sif Muna.
    50 | D        | Found a viscous altar of Jiyva.
    50 | D        | Found a hazy altar of Hepliaklqana.
    50 | D        | Found an opulent altar of Gozag.
    51 | D        | Found a glowing golden altar of the Shining One.
    51 | D        | Found a glowing silver altar of Zin.
    51 | D        | Found a basalt altar of Yredelemnul.
    51 | D        | Found a shimmering altar of Xom.
    51 | D        | Found an ornate altar of the Wu Jian Council.
    51 | D        | Found a sacrificial altar of Ru.
    51 | D        | Found a stormy altar of Qazlal.
    51 | D        | Found an iron altar of Okawaru.
    51 | D        | Found a sparkling altar of Nemelex Xobeh.
    51 | D        | Found a burning altar of Makhleb.
    51 | D        | Found a blossoming altar of Fedhas.
    51 | D        | Found a white marble altar of Elyvilon.
    51 | D        | Found a shadowy altar of Dithmenos.
    51 | D        | Found a snail-covered altar of Cheibriados.
    53 | D        | Found a radiant altar of Vehumet.
    53 | D        | Found a corrupted altar of Lugonu.
    53 | D        | Found a roughly hewn altar of Beogh.
    54 | D        | Found a hide-covered altar of Uskayaw.
    54 | D        | Found an ancient bone altar of Kikubaaqudgha.
    54 | D        | Found a shattered altar of Ashenzari.
    72 | D        | Reached ** piety under Trog
    72 | D        | Reached skill level 4 in Fighting
    81 | D        | Reached XP level 2. HP: 19/20 MP: 2/2
    92 | D        | Reached *** piety under Trog
   199 | D        | Noticed a necrophage
   204 | D        | Reached skill level 5 in Fighting
   205 | D        | Reached XP level 3. HP: 26/26 MP: 3/3
   210 | D        | Killed a necrophage
   210 | D        | Reached **** piety under Trog
   210 | D        | Reached skill level 6 in Fighting
   210 | D        | Reached skill level 1 in Stealth
   210 | D        | Reached XP level 4. HP: 32/32 MP: 4/4
   368 | D        | Noticed a sky beast
   372 | D        | Noticed an orc warrior
   373 | D        | Noticed a gnoll sergeant
   384 | D        | Reached XP level 5. HP: 11/37 MP: 5/5
   388 | D        | Killed a sky beast
   388 | D        | Reached skill level 7 in Fighting
   390 | D        | Reached skill level 8 in Fighting
   390 | D        | Reached XP level 6. HP: 10/44 MP: 6/6
   395 | D        | Slain by a gnoll sergeant

Skill      XL: |  1  2  3  4  5 |
---------------+----------------+-----
Axes           | 3 4 6 7 |  7.7
Fighting       | 4 5 6 8 |  8.0
Dodging        | 2 3 4 |  4.1
Armour         | 3 |  3.4
Stealth        | 1 2 |  2.1

Action                   |  1- 3 |  4- 6 || total
-------------------------+-------+-------++-------
Melee: Hand axe          |    26 |    16 ||    42
Invok: Berserk           |     1 |     1 ||     2
 Stab: Sleeping          |     1 |       ||     1
Armor: Animal skin       |     9 |     3 ||    12
Dodge: Dodged            |    23 |     8 ||    31
